 Dungeon Crawl Stone Soup version 0.28-a0-410-gbef64dd269 (webtiles) character file.

Game seed: 9640369266861070206

3701 dolemite99 the Basher (level 9, 0/71 HPs)
             Began as a Demonspawn Gladiator on Sept 7, 2021.
             Was a Follower of Uskayaw.
             Slain by a two-headed ogre (6 damage)
             ... on level 8 of the Dungeon.
             The game lasted 00:18:39 (14942 turns).

dolemite99 the Basher (Demonspawn Gladiator)       Turns: 14942, Time: 00:18:39

Health: 0/71       AC: 15    Str: 17    XL:     9   Next: 91%
Magic:  9/9        EV:  8    Int: 10    God:    Uskayaw [*.....]
Gold:   208        SH:  0    Dex: 21    Spells: 8/8 levels left

rFire   . . .      SeeInvis .   a - +2 flail (vorpal)
rCold   . . .      Faith    .   (no shield)
rNeg    . . .      Spirit   .   C - +0 chain mail
rPois   .          Reflect  .   (helmet unavailable)
rElec   .          Harm     .   (no cloak)
rCorr   .          Rampage  .   (no gloves)
Will    .....                   g - +2 pair of boots
Stlth   ..........              (no amulet)
HPRegen 0.21/turn               i - +6 ring of dexterity
MPRegen 0.11/turn               (no ring)

@: no status effects
A: horns 3, foul stench 2, sharp scales 1
a: Renounce Religion, Stomp


You were on level 8 of the Dungeon.
You worshipped Uskayaw.
Uskayaw was noncommittal.
You visited 1 branch of the dungeon, and saw 8 of its levels.
You also visited: Sewer.

You collected 414 gold pieces.
You spent 206 gold pieces at shops.

Inventory:

Hand Weapons
 a - a +2 vorpal flail (weapon)
 b - a +0 hunting sling
 f - a +0 shortbow
 k - a +0 dagger of venom
 r - a +0 flail
 x - a +4 morningstar of holy wrath
 H - a +0 morningstar
Missiles
 d - 4 throwing nets
 h - 47 poisoned darts (quivered)
 j - 195 stones
 n - 67 arrows
 q - 58 sling bullets
 B - 41 bolts
 J - 4 atropa-tipped darts
Armour
 e - the -1 pair of gloves of the Boiling Point {rN+ Dex+4}
   (You found it on level 5 of the Dungeon)

   Dex:       It affects your dexterity (+4).
   rN:        It protects you from negative energy.
 g - a +2 pair of boots (worn)
 C - a +0 chain mail (worn)
Jewellery
 i - a +6 ring of dexterity (left hand)
 l - a +6 ring of dexterity
 m - a +4 ring of protection
 v - a +4 ring of protection
 E - an amulet of faith
 G - a ring of protection from cold
Wands
 w - a wand of flame (37)
 I - a wand of acid (7)
Scrolls
 s - a scroll of vulnerability
 t - 2 scrolls of fog
 y - a scroll of torment {unknown}
 F - a scroll of identify {@r1}
Potions
 c - a potion of degeneration {unknown}
 o - a potion of might
 p - 4 potions of flight
 z - 4 potions of brilliance
 A - 3 potions of haste {unknown}
 D - a potion of curing


   Skills:
 - Level 6.9 Fighting
 + Level 8.9 Maces & Flails
 - Level 2.2(2.6) Slings
 - Level 1.7(2.3) Throwing
 + Level 7.4 Armour
 - Level 2.6 Dodging


You had 8 spell levels left.
You didn't know any spells.
Your spell library contained the following spells:

 Spells                   Type           Power      Damage    Failure   Level
 Dazzling Flash           Conj/Hex       0%         N/A       100%        3
 Passage of Golubria      Tloc           N/A        N/A       100%        4
 Agony                    Necr           0%         N/A       100%        5
 Silence                  Hex/Air        0%         N/A       100%        5
 Conjure Ball Lightning   Conj/Air       0%         3x3d6     100%        6
 Borgnjor's Revivificati  Necr           0%         N/A       100%        8
 Discord                  Hex            0%         N/A       100%        8
 Disjunction              Tloc           0%         N/A       100%        8
 Lehudib's Crystal Spear  Conj/Erth      0%         10d2      100%        8
 Necromutation            Tmut/Necr      0%         N/A       100%        8
 Death's Door             Necr           0%         N/A       100%        9


Dungeon Overview and Level Annotations

Branches:
Dungeon (8/15)             Temple (0/1) D:4           Sewer (visited)
   Lair: D:8-11

Altars:
Nemelex Xobeh
Ru
Uskayaw

Shops:
D:1 [*!(*

Annotations:
D:5 3 runed translucent doors, CraigForest's ghost, novice OpBe; Shayle's ghost, novice DjWr; heikuro's ghost, novice FoAK


Innate Abilities, Weirdness & Mutations

You have a pair of large horns on your head.
You sometimes emit foul miasma when damaged in melee.
You are partially covered in razor-sharp scales. (AC +1, Slay +1)


Message History

The two-headed ogre is moderately wounded.
The two-headed ogre hits you with a +0 dire flail.
* * * LOW HITPOINT WARNING * * *
You emit a cloud of foul miasma!
The two-headed ogre hits you but does no damage.
A white imp comes into view.
Found a stone staircase leading down.
The two-headed ogre is engulfed in dark miasma.
The two-headed ogre looks even sicker.
You feel much better.
The white imp shouts, "Bolt, thou mewling idle-headed dandiprat!"
The two-headed ogre hits you with a +0 dire flail!
* * * LOW HITPOINT WARNING * * *
The two-headed ogre misses you.
You hit the two-headed ogre but do no damage.
You headbutt the two-headed ogre.
The two-headed ogre is heavily wounded.
A jelly comes into view.
The two-headed ogre hits you but does no damage.
The two-headed ogre closely misses you.
You barely miss the two-headed ogre. You headbutt the two-headed ogre.
The two-headed ogre is heavily wounded.
The two-headed ogre hits you but does no damage.
The two-headed ogre hits you with a +0 giant club!
* * * LOW HITPOINT WARNING * * *
The white imp gestures at you. The puff of frost hits you.
* * * LOW HITPOINT WARNING * * *
Okay, then.
Okay, then.
You see here 6 gold pieces.
The white imp gestures at you.
The puff of frost hits you but does no damage.
An ice beast comes into view.
You see here a glowing purple potion.
You sock the two-headed ogre!
The two-headed ogre is almost dead.
The two-headed ogre closely misses you.
The two-headed ogre hits you with a +0 giant club.
You die...

..##..#.##. ..
......... ...
.......Y ####.# #
....#.# #....# ###.
#..#.# #....#
#....##...###....#
#.....#.##.....# .
#..@OJ$......# ..
#.....#5.##....#...
#................>...
.........?..[..?..###
##+###+###...........
#....##.####
#....##.## +...<(..(#
#####[#...>..


You could see a two-headed ogre (poisoned), an ice beast, a jelly and a white
imp.

Vanquished Creatures
  2 steam dragons
  Menkaure (D:5)
  Duvessa (D:5)
  Edmund (D:6)
  3 water moccasins
  2 black bears
  An ice beast (D:7)
  2 necrophages
  3 ogres
  A centaur (D:6)
  A kobold brigand (D:5)
  2 bullfrogs
  A wyvern zombie (D:4)
  3 scorpions
  Dowan (D:5)
  A wyvern skeleton (D:6)
  4 killer bees (D:7)
  2 wights (D:6)
  4 howler monkeys
  An electric eel (D:6)
  A centaur zombie (D:6)
  A hound (D:4)
  2 bullfrog zombies
  3 jellies
  4 gnoll shamans
  An orc priest (D:5)
  A bullfrog skeleton (D:4)
  Natasha (D:2)
  An orc wizard (D:3)
  An iguana (D:4)
  A howler monkey zombie (D:5)
  30 gnolls
  A howler monkey skeleton (D:6)
  9 adders
  2 shadow imps
  4 white imps
  2 ufetubi
  A worm (D:2)
  An adder skeleton (D:4)
  A dart slug (D:1)
  14 orcs
  3 bats (D:1)
  5 endoplasms
  2 giant cockroaches
  4 goblins
  5 hobgoblins
  5 jackals
  11 kobolds
  2 quokkas
  9 ball pythons
  12 frilled lizards
  5 rats
182 creatures vanquished.

Vanquished Creatures (others)
  Natasha (D:2)
  7 plants (D:3)
  4 withered plants (D:5)
12 creatures vanquished.

Grand Total: 194 creatures vanquished

Notes
Turn   | Place    | Note
-------+----------+-------------------------------------------
     0 | D:1      | dolemite99 the Demonspawn Gladiator began the quest for the
                  | Orb.
     0 | D:1      | Reached XP level 1. HP: 16/16 MP: 1/1
    51 | D:1      | Found Aseczoe's Assorted Antiques.
    53 | D:1      | Found Yzed's Antique Armour Shop.
   141 | D:1      | Reached skill level 3 in Maces & Flails
   281 | D:1      | Gained mutation: You have a pair of small horns on your
                  | head. [demonic ancestry]
   281 | D:1      | Reached XP level 2. HP: 22/22 MP: 2/2
   483 | D:1      | Found Wedaocas's Distillery.
   550 | D:1      | Bought a potion of heal wounds for 55 gold pieces
   740 | D:1      | Found Gumeu's Weapon Emporium.
   770 | D:1      | Found a faded altar of an unknown god.
   773 | D:1      | Became a worshipper of Uskayaw the Reveller
   773 | D:1      | Reached * piety under Uskayaw
   796 | D:1      | Found Kikh's General Store.
   990 | D:2      | Reached ** piety under Uskayaw
   992 | D:2      | Reached XP level 3. HP: 15/27 MP: 3/3
  1376 | D:2      | Reached skill level 4 in Maces & Flails
  1821 | D:1      | Bought a +0 hunting sling for 19 gold pieces
  2023 | D:2      | Noticed Natasha
  2033 | D:2      | Killed Natasha
  2198 | D:1      | Bought a coppery potion for 29 gold pieces
  2494 | D:2      | Reached *** piety under Uskayaw
  2784 | D:2      | Noticed Natasha
  2811 | D:2      | Killed Natasha
  2812 | D:2      | Reached skill level 1 in Slings
  2812 | D:2      | Gained mutation: You may rarely emit foul miasma when
                  | damaged in melee. [demonic ancestry]
  2812 | D:2      | Reached XP level 4. HP: 33/33 MP: 4/4
  3639 | D:3      | Gained mutation: You have a pair of horns on your head.
                  | [demonic ancestry]
  3639 | D:3      | Reached XP level 5. HP: 16/38 MP: 5/5
  4207 | D:3      | Found a sparkling altar of Nemelex Xobeh.
  5031 | D:4      | Noticed an ogre
  5043 | D:4      | Killed an ogre
  5044 | D:4      | Reached skill level 5 in Maces & Flails
  5152 | D:4      | Gained mutation: You sometimes emit foul miasma when
                  | damaged in melee. [demonic ancestry]
  5152 | D:4      | Reached XP level 6. HP: 44/44 MP: 6/6
  5311 | D:1      | Bought a potion of berserk rage for 70 gold pieces
  5352 | D:1      | Bought a scroll labelled VUANGU GEOTAF for 33 gold pieces
  5689 | D:4      | Reached skill level 6 in Maces & Flails
  6238 | D:4      | Found a staircase to the Ecumenical Temple.
  6548 | D:4      | Gained mutation: You have a pair of large horns on your
                  | head. [demonic ancestry]
  6548 | D:4      | Reached XP level 7. HP: 40/50 MP: 7/7
  6811 | D:4      | Found a sacrificial altar of Ru.
  7123 | D:5      | Entered Level 5 of the Dungeon
  7123 | D:5      | Found a runed translucent gate.
  7123 | D:5      | Found a runed translucent gate.
  7123 | D:5      | Found a runed translucent gate.
  7133 | D:5      | Reached skill level 1 in Armour
  7456 | D:5      | Noticed Menkaure
  7460 | D:5      | Killed Menkaure
  8761 | D:5      | Noticed Duvessa
  8781 | D:5      | Killed Duvessa
  8782 | D:5      | Gained mutation: You are partially covered in razor-sharp
                  | scales. (AC +1, Slay +1) [demonic ancestry]
  8782 | D:5      | Reached XP level 8. HP: 48/58 MP: 8/8
  8806 | D:5      | Noticed Dowan
  8826 | D:5      | Killed Dowan
  9674 | D:5      | Reached skill level 5 in Fighting
  9692 | D:5      | Reached **** piety under Uskayaw
  9698 | D:5      | Identified the -1 pair of gloves of the Boiling Point {rN+
                  | Dex+4}
 10075 | D:5      | Noticed Shayle's ghost (novice DjWr)
 10075 | D:5      | Noticed heikuro's ghost (novice FoAK)
 10075 | D:5      | Noticed CraigForest's ghost (novice OpBe)
 10580 | D:6      | Found a glowing drain.
 10594 | Sewer    | Entered a sewer
 11306 | D:6      | Reached skill level 7 in Maces & Flails
 11357 | D:6      | Reached skill level 5 in Armour
 11404 | D:6      | Reached XP level 9. HP: 6/67 MP: 9/9
 12919 | D:6      | Noticed Edmund
 12934 | D:6      | Killed Edmund
 13625 | D:7      | Reached skill level 8 in Maces & Flails
 14912 | D:8      | Noticed a two-headed ogre
 14942 | D:8      | Slain by a two-headed ogre

Illustrated notes

Levels and vault maps discovered:
D:1:      dpeg_arrival_line_fractal, layout_rooms,
          hellmonk_ecumenical_altar_inner_sanctum, serial_shops,
          nicolae_shop_stone, nicolae_shop_trees, nicolae_square_shop,
          shop_fountains, shop, chequers_serial_rivers_small_3
D:2:      layout_basic, uniq_natasha
D:3:      layout_rooms, nemelex_altar_shiori, serial_bayou_lagoon_b
D:4:      layout_basic, nicolae_ru_path_of_blood, minmay_temple_entry_hall,
          corexii_checkpoint_a, chequers_avenue, minmay_checkerbox
D:5:      layout_loops_ring, gammafunk_ghost_cemetery, glass_columns_c,
          uniq_menkaure, uniq_duvessa
D:6:      layout_cave_pools, portal_sewer_entry_a, dk_noncrumbling_4,
          water_boxes_lemuel, uniq_edmund
D:7:      layout_loops_ring
D:8:      layout_rooms, mainiacjoe_overflow_24_doors

Skill      XL: |  1  2  3  4  5  6  7  8  9 |
---------------+----------------------------+-----
Maces & Flails | 3 4 5 6 7 8 |  8.9
Slings         | 1 2 |  2.2
Armour         | 4 5 7 |  7.4
Fighting       | 3 6 |  6.9
Throwing       | |  1.7
Dodging        | |  2.6

Action                   |  1- 3 |  4- 6 |  7- 9 || total
-------------------------+-------+-------+-------++-------
Melee: Flail             |    87 |    65 |   168 ||   320
       Headbutt          |    13 |    19 |    41 ||    73
 Fire: Hunting sling     |    19 |   125 |   299 ||   443
Throw: Dart              |       |       |    38 ||    38
Evoke: Wand              |       |       |     5 ||     5
  Use: Scroll            |     4 |     5 |     8 ||    17
       Potion            |       |     5 |     8 ||    13
 Stab: Paralysed         |       |     2 |     6 ||     8
Armor: Leather armour    |    26 |       |       ||    26
       Scale mail        |    10 |    52 |       ||    62
       Chain mail        |       |       |   193 ||   193
Dodge: Dodged            |    76 |    67 |   139 ||   282

Table legend: (Time is in decaauts)
 A = Elapsed time spent in this place.
 B = Non-inter-level travel time spent in this place.
 C = Inter-level travel time spent in this place.
 D = Time resting spent in this place.
 E = Time spent auto-exploring this place.
 F = Levels seen in this place.
 G = Mean time per level.
                   A        B        C        D        E       F      G
               +--------+--------+--------+--------+--------+-----+--------+
         Total |  15109 |  14158 |    951 |   7221 |   4577 |   9 | 1678.8 |
       Dungeon |  14351 |  13400 |    951 |   6970 |   4222 |   8 | 1793.9 |
         Sewer |    758 |    758 |      0 |    251 |    354 |   1 |  758.0 |
               +--------+--------+--------+--------+--------+-----+--------+

Top non-repeatable levels by time:
     D:4: 3342 daAuts
     D:5: 2922 daAuts
     D:2: 2321 daAuts
     D:3: 1685 daAuts
     D:7: 1522 daAuts
     D:6: 1341 daAuts
     D:1: 1134 daAuts
   Sewer: 758 daAuts
     D:8: 80 daAuts
